Map: Lightshade LE

Players

Cham

  • Race: Zerg Zerg

Kelazhur - Winner!

  • Race: Terran Terran

Event: DreamHack SC2 Masters 2021 Fall

VOD

Have the link to the VOD?

Description

Time

  • Played on: Aug. 1, 2021, 3:44 p.m.
  • Length: 20:59

All games in this series

Show
View Real Time Build Order
Export as new Build Order

Cham Zerg 

Build Orders: Hatch First, Muta Ling Bane 

Get SALT Encoding   

  12  0:00  Drone  
  13  0:08  Drone  
  14  0:17  Overlord  
  14  0:35  Drone x2  
  16  0:49  Hatchery  
  15  0:53  Drone  
  16  0:57  Drone  
  16  1:00  Drone  
  18  1:14  Spawning Pool  
  18  1:17  Drone  
  18  1:23  Extractor  
  18  1:24  Drone  
  18  1:29  Drone  
  19  1:40  Drone  
  20  1:52  Drone  
  21  2:01  Queen x2  
  21  2:02  Zergling x4  
  27  2:17  Hatchery  
  27  2:20  Drone  
  27  2:27  Drone  
  27  2:43  Metabolic Boost  
  26  2:44  Overlord  
  26  2:48  Drone  
  26  2:51  Overlord  
  27  3:02  Queen, Drone x3  
  27  3:03  Drone x2  
  34  3:09  Drone  
  34  3:12  Drone  
  36  3:13  Drone  
  36  3:18  Drone  
  36  3:19  Drone x3  
  41  3:21  Drone  
  41  3:25  Overlord  
  42  3:39  Queen  
  42  3:40  Baneling Nest  
  43  3:46  Drone  
  43  3:47  Queen x2  
  48  3:49  Zergling x2  
  48  3:50  Zergling x2  
  48  3:52  Zergling x2  
  52  3:55  Drone x2  
  52  4:00  Drone x3  
  52  4:02  Drone  
  57  4:10  Overlord  
  56  4:20  Drone, Overlord  
  56  4:22  Overlord  
  57  4:29  Drone x8  
  57  4:30  Lair  
  65  4:36  Extractor  
  65  4:37  Spore Crawler  
  63  4:39  Queen, Drone  
  63  4:42  Drone  
  63  4:43  Drone  
  68  4:46  Drone  
  68  4:47  Spore Crawler  
  68  4:50  Spore Crawler  
  67  4:54  Overlord  
  67  4:55  Drone x3  
  67  4:56  Drone  
  71  5:02  Extractor  
  71  5:05  Overlord  
  70  5:09  Zergling x10  
  70  5:10  Drone x2  
  70  5:12  Extractor  
  70  5:13  Extractor, Drone x2  
  77  5:17  Extractor  
  77  5:18  Zergling x2  
  77  5:19  Zergling x2  
  78  5:22  Zergling x2  
  79  5:31  Drone, Spire  
  79  5:32  Drone x2  
  80  5:42  Drone x4  
  83  5:43  Drone  
  83  5:46  Drone  
  83  5:48  Drone x2  
  87  5:51  Drone x2  
  87  5:53  Drone x2  
  87  5:56  Drone  
  92  6:04  Overlord  
  92  6:07  Hatchery  
  92  6:08  Drone  
  92  6:09  Drone x3  
  92  6:11  Overlord  
  94  6:12  Zergling x4  
  94  6:14  Zergling x2  
  97  6:21  Overlord  
  97  6:24  Centrifical Hooks  
  97  6:26  Zergling x4  
  97  6:27  Evolution Chamber  
  97  6:28  Overlord  
  97  6:29  Zergling x4  
  97  6:31  Evolution Chamber  
  99  6:33  Drone  
  99  6:38  Overlord  
  100  6:43  Overlord x2  
  100  6:45  Mutalisk  
  100  6:46  Mutalisk x3  
  108  6:51  Mutalisk x2  
  112  6:54  Mutalisk x2  
  112  6:57  Mutalisk  
  112  7:01  Mutalisk x2  
  118  7:04  Mutalisk  
  118  7:07  Mutalisk  
  127  7:17  Hatchery  
  127  7:22  Hatchery  
  125  7:24  Zerg Melee Weapons Level 1, Zerg Ground Armor Level 1  
  125  7:26  Drone  
  125  7:28  Overlord  
  125  7:29  Zergling x2  
  127  7:30  Baneling x8  
  127  7:31  Baneling x2  
  127  7:34  Zergling x4, Overlord  
  129  7:39  Drone x4  
  129  7:40  Drone  
  134  7:46  Zergling x12  
  134  7:49  Overlord  
  134  7:51  Overseer  
  140  7:52  Pneumatized Carapace  
  140  7:59  Zergling x4  
  140  8:00  Drone  
  140  8:02  Zergling x2  
  140  8:03  Zergling x2  
  140  8:04  Drone x2  
  140  8:05  Overlord  
  147  8:07  Drone x3  
  147  8:09  Baneling x2  
  147  8:10  Baneling x3, Overlord  
  147  8:11  Drone  
  151  8:15  Mutalisk  
  153  8:21  Mutalisk x2  
  153  8:24  Zergling x2  
  153  8:26  Overlord  
  158  8:28  Drone x2  
  158  8:33  Mutalisk  
  160  8:35  Mutalisk x4  
  160  8:40  Overseer  
  160  8:41  Zergling x2  
  169  8:42  Zergling x2  
  169  8:47  Zergling x2  
  169  8:48  Zergling x6  
  171  8:53  Extractor  
  160  8:56  Extractor, Drone  
  160  8:57  Drone x3  
  160  8:59  Drone  
  165  9:02  Drone  
  165  9:03  Drone x2  
  165  9:04  Baneling  
  165  9:05  Baneling x8  
  165  9:07  Zergling x12  
  161  9:20  Zergling x14, Mutalisk x2  
  161  9:21  Mutalisk  
  161  9:22  Baneling  
  161  9:23  Baneling x2  
  174  9:26  Overseer  
  174  9:27  Zergling x2  
  174  9:28  Zergling x6  
  178  9:31  Zergling x2  
  169  9:39  Drone  
  169  9:40  Drone x5  
  175  9:46  Zergling x4  
  175  9:48  Baneling x5  
  175  9:49  Baneling x4  
  175  9:50  Zergling x4  
  175  9:51  Baneling  
  175  9:52  Zergling x2, Baneling x4  
  180  9:55  Zergling x8  
  182  10:01  Mutalisk  
  182  10:02  Mutalisk  
  179  10:15  Zergling x2  
  179  10:16  Zergling x14  
  179  10:17  Zergling x2  
  179  10:19  Zergling x2  
  189  10:22  Zerg Melee Weapons Level 2, Zerg Ground Armor Level 2  
  189  10:24  Infestation Pit  
  189  10:26  Zergling x8  
  189  10:27  Zergling x4  
  187  10:28  Baneling  
  187  10:29  Baneling x4  
  187  10:30  Zergling x2  
  187  10:35  Zergling x2  
  179  10:38  Zergling x2  
  179  10:40  Zergling x6  
  162  10:43  Zergling x4  
  162  10:51  Baneling x3  
  162  10:52  Zergling x2, Baneling x6  
  162  10:53  Zergling x16  
  162  10:55  Zergling x2  
  162  10:56  Zergling x2  
  172  10:58  Mutalisk x2  
  172  11:01  Hive  
  176  11:05  Drone x3  
  176  11:06  Zergling x2  
  176  11:09  Extractor x2  
  176  11:10  Drone  
  179  11:15  Drone x3  
  179  11:16  Drone  
  179  11:17  Drone  
  179  11:18  Drone  
  173  11:27  Mutalisk  
  173  11:28  Mutalisk x4  
  173  11:32  Zergling x2  
  180  11:34  Baneling x2  
  180  11:35  Zergling x2  
  180  11:36  Zergling x2  
  180  11:39  Zergling x2  
  151  11:47  Zergling x14  
  151  11:52  Mutalisk x2  
  158  11:55  Zergling x4  
  158  12:00  Zergling x4  
  162  12:03  Baneling  
  162  12:04  Zergling x6, Baneling x5  
  162  12:07  Hatchery  
  164  12:11  Zergling x4  
  164  12:12  Spore Crawler, Spine Crawler  
  164  12:13  Spine Crawler  
  163  12:18  Zergling x8  
  163  12:20  Baneling x15  
  163  12:21  Baneling  
  164  12:22  Zergling x2  
  164  12:23  Zergling x18  
  164  12:26  Zergling x2  
  164  12:28  Zergling x8  
  178  12:31  Zergling x4  
  178  12:32  Baneling  
  178  12:33  Baneling  
  175  12:40  Zergling x14  
  175  12:43  Drone  
  174  12:47  Zerg Ground Armor Level 3, Adrenal Glands, Zerg Melee Weapons Level 3  
  174  12:49  Drone x3  
  177  12:52  Hatchery, Hydralisk Den  
  177  12:53  Drone x2, Overlord  
  177  12:54  Zergling x2  
  177  12:55  Drone  
  177  12:56  Mutalisk x2  
  179  13:06  Zergling x6  
  179  13:11  Baneling  
  179  13:12  Baneling x14  
  182  13:14  Zergling x14  
  182  13:15  Baneling x12  
  182  13:17  Zergling x2  
  191  13:25  Zergling x2  
  190  13:28  Overlord  
  190  13:29  Zergling x2  
  190  13:30  Zergling x8  
  190  13:32  Zergling x2  
  186  13:37  Zergling x8  
  158  13:41  Zergling x2  
  158  13:42  Overseer  
  158  13:43  Drone x3  
  156  13:49  Zergling x12  
  160  13:56  Hatchery  
  160  13:57  Baneling x3  
  160  13:58  Baneling x4, Hydralisk x6  
  155  14:16  Drone x2  
  155  14:17  Drone x4  
  155  14:20  Spine Crawler, Hydralisk x3  
  155  14:23  Spine Crawler  
  162  14:28  Zergling x2, Hydralisk x2  
  162  14:29  Zergling x2, Lurker Den  
  166  14:32  Zergling x4  
  166  14:33  Zergling x2  
  166  14:34  Zergling x2  
  166  14:38  Zergling x2, Baneling x9  
  164  14:39  Baneling x3  
  164  14:44  Hydralisk x2  
  169  14:45  Zergling x2  
  169  14:47  Zergling x4  
  169  14:48  Baneling x3  
  171  14:59  Zergling x2  
  161  15:00  Zergling x12  
  161  15:01  Baneling  
  161  15:02  Baneling x3  
  161  15:04  Zergling x2  
  161  15:06  Zergling x2, Grooved Spines  
  161  15:07  Zergling x2  
  166  15:08  Drone  
  166  15:09  Drone  
  166  15:10  Drone  
  166  15:13  Zergling x2  
  170  15:19  Zergling x4  
  170  15:20  Zergling x10  
  162  15:24  Zergling x10  
  162  15:26  Zergling x2  
  162  15:28  Zergling x2  
  167  15:29  Baneling x4  
  167  15:33  Lurker x10  
  174  15:38  Zergling x2  
  174  15:39  Zergling x12  
  174  15:42  Zergling x2  
  177  15:46  Zergling x4  
  177  15:48  Hatchery  
  161  15:50  Zergling x4  
  161  15:54  Zerg Missile Weapons Level 1, Adaptive Talons  
  148  16:01  Lurker x2  
  148  16:02  Hydralisk x3  
  148  16:03  Zergling x8  
  143  16:11  Zergling x2  
  143  16:12  Zergling x10  
  143  16:14  Zergling x4  
  143  16:15  Hydralisk  
  143  16:17  Muscular Augments  
  143  16:18  Baneling x8  
  151  16:19  Baneling  
  151  16:23  Baneling x4  
  151  16:25  Hydralisk x3  
  155  16:26  Zergling x2  
  155  16:27  Zergling x2  
  155  16:29  Drone  
  161  16:33  Lurker x3  
  161  16:36  Drone x2  
  161  16:37  Drone x2  
  161  16:38  Drone  
  161  16:39  Zergling x2  
  169  16:40  Zergling x2  
  169  16:41  Baneling x3  
  166  16:47  Overseer  
  166  16:50  Lurker, Hydralisk x3  
  166  16:51  Seismic Spines  
  173  16:56  Hydralisk  
  173  16:57  Zergling x2, Hydralisk  
  178  17:01  Zergling x4  
  178  17:02  Zergling x4  
  174  17:10  Zergling x2  
  174  17:11  Zergling x16  
  174  17:12  Zergling x2  
  156  17:15  Hydralisk x2  
  156  17:16  Zergling x2  
  156  17:19  Zergling x4  
  162  17:26  Zergling x2  
  162  17:27  Zergling x6  
  162  17:29  Zergling x4  
  168  17:30  Zergling x4  
  168  17:35  Hatchery  
  164  17:37  Zergling x4  
  164  17:38  Zergling x4  
  164  17:39  Zergling x2  
  164  17:43  Hydralisk  
  164  17:44  Zergling x2  
  167  17:48  Hydralisk x2  
  166  17:57  Hydralisk x2  
  166  17:58  Zergling x6  
  162  18:03  Lurker x2  
  162  18:04  Lurker  
  162  18:05  Baneling x3, Hatchery  
  164  18:06  Zergling x4  
  158  18:17  Zergling x20  
  158  18:19  Overseer  
  149  18:22  Hydralisk  
  135  18:28  Lurker  
  135  18:29  Lurker  
  137  18:37  Hydralisk x2  
  137  18:39  Drone x2  
  137  18:40  Drone x3, Hydralisk x2  
  145  18:48  Zergling x6  
  145  18:49  Zergling x4, Lurker  
  145  18:50  Lurker x3  
  145  18:52  Baneling x6  
  145  18:53  Baneling x5  
  153  18:58  Baneling x3  
  153  19:00  Zergling x2  
  152  19:03  Zergling x2  
  152  19:04  Zergling x2  
  152  19:05  Zergling x2  
  152  19:07  Zergling x2  
  153  19:10  Zergling x4  
  153  19:12  Hydralisk  
  149  19:22  Hydralisk x2  
  149  19:23  Zergling x2  
  149  19:24  Overseer, Hydralisk x2  
  134  19:25  Zergling x4  
  134  19:27  Overseer  
  134  19:29  Hydralisk x2  
  134  19:31  Zergling x4  
  142  19:33  Hydralisk  
  137  19:54  Zergling x2  
  137  19:55  Zergling x24  
  137  19:56  Overseer  
  137  19:58  Zergling x2  
  141  20:00  Baneling x5  
  141  20:01  Baneling, Lurker  
  141  20:02  Overseer, Lurker, Hydralisk x2  
  145  20:10  Zergling x6  
  141  20:16  Zergling x2  
  141  20:17  Zergling x6  
  132  20:23  Hydralisk x2  
  132  20:29  Hydralisk x2  
Show
View Real Time Build Order
Export as new Build Order

Kelazhur Terran - Winner!

Build Orders: Reaper Expand, Hellion Banshee 

Get SALT Encoding   

  12  0:00  SCV  
  13  0:12  SCV  
  14  0:17  Supply Depot  
  14  0:24  SCV  
  15  0:38  SCV  
  15  0:39  Barracks  
  16  0:43  Refinery  
  16  0:50  SCV  
  17  1:02  SCV  
  18  1:15  SCV  
  19  1:26  Reaper  
  19  1:28  Orbital Command  
  20  1:39  Command Center  
  20  1:49  Supply Depot  
  20  1:53  SCV  
  21  1:58  Marine  
  22  2:06  SCV  
  23  2:11  Factory  
  23  2:18  SCV  
  23  2:21  Barracks Reactor  
  24  2:30  SCV  
  25  2:43  SCV  
  26  2:44  Command Center  
  26  2:52  Orbital Command  
  26  2:55  SCV  
  27  3:00  Starport  
  27  3:08  Hellion  
  27  3:10  SCV  
  30  3:14  Hellion  
  30  3:18  SCV  
  33  3:20  Barracks Tech Lab  
  33  3:22  SCV  
  33  3:27  Refinery  
  34  3:30  SCV  
  35  3:34  SCV  
  35  3:38  Hellion x2  
  40  3:43  SCV  
  40  3:44  Banshee  
  40  3:46  SCV  
  45  3:54  Barracks Tech Lab  
  45  3:55  SCV  
  46  3:58  SCV, Orbital Command  
  47  4:05  Hellion x2  
  47  4:07  SCV  
  52  4:13  SCV  
  53  4:18  Marine, Stimpack  
  53  4:20  SCV  
  56  4:24  SCV, Supply Depot  
  56  4:25  Supply Depot, SCV  
  57  4:35  Barracks x2  
  57  4:36  Marine, SCV  
  59  4:41  SCV x2, Starport Reactor  
  59  4:44  Refinery  
  59  4:45  Factory Reactor  
  61  4:48  SCV  
  61  4:49  Refinery  
  62  4:53  SCV x2  
  62  4:55  Marine  
  65  5:00  SCV  
  65  5:02  Engineering Bay  
  65  5:04  Engineering Bay  
  65  5:05  SCV, Orbital Command  
  67  5:13  Marine, SCV, Supply Depot  
  69  5:17  SCV  
  69  5:19  Barracks  
  69  5:21  Barracks  
  70  5:25  SCV  
  70  5:27  Marine  
  70  5:28  Marine  
  73  5:29  SCV  
  73  5:30  Terran Infantry Armor Level 1, Terran Infantry Weapons Level 1  
  73  5:31  Marine  
  73  5:32  Factory Reactor  
  73  5:33  SCV  
  73  5:34  Marine x2  
  78  5:37  SCV  
  78  5:41  SCV  
  78  5:42  Medivac x2  
  83  5:45  SCV  
  83  5:48  Supply Depot  
  83  5:49  SCV  
  85  5:50  Supply Depot  
  85  6:04  Supply Depot  
  85  6:10  Marine x5, SCV x3  
  93  6:14  Supply Depot  
  93  6:17  Barracks Reactor x2, Combat Shield  
  93  6:21  Medivac x2  
  93  6:22  SCV x3  
  100  6:26  Widow Mine x2  
  100  6:27  Marine  
  100  6:29  Refinery, Marine x3  
  108  6:34  SCV  
  108  6:36  SCV x2  
  108  6:37  Marine  
  108  6:38  Supply Depot  
  112  6:45  Marine  
  112  6:46  SCV  
  114  6:47  Marine  
  114  6:52  Widow Mine  
  117  6:59  Marine x3, Supply Depot x2, Widow Mine  
  117  7:00  Armory  
  117  7:01  Supply Depot  
  122  7:02  Marine  
  122  7:04  Medivac  
  125  7:20  Marine x7, Missile Turret  
  125  7:21  Medivac, Missile Turret  
  135  7:23  Widow Mine x2, Missile Turret  
  135  7:27  SCV x3  
  135  7:28  Marine  
  143  7:30  Factory  
  143  7:33  Marauder  
  144  7:38  Marine x3  
  144  7:39  SCV, Missile Turret  
  144  7:40  Supply Depot x2  
  148  7:44  Marine  
  148  7:45  Marine x2  
  148  7:46  Marine  
  148  7:49  Widow Mine x2  
  148  7:50  Marine, SCV  
  145  7:54  Marine  
  145  7:56  Marine x2  
  148  7:58  SCV  
  148  7:59  Terran Infantry Weapons Level 2  
  148  8:03  Marine  
  148  8:05  Marine  
  148  8:06  Terran Infantry Armor Level 2  
  148  8:09  Refinery  
  148  8:12  Supply Depot  
  149  8:18  Widow Mine, Drilling Claws  
  149  8:19  Widow Mine  
  155  8:20  Marine, Widow Mine  
  155  8:21  Marine x7  
  163  8:27  Supply Depot  
  159  8:34  Marine  
  159  8:39  Marauder  
  162  8:42  Marine  
  162  8:43  Command Center  
  162  8:47  Medivac x2  
  162  8:48  Widow Mine x2  
  173  8:51  Thor, Marine  
  172  8:58  Marine x5, Supply Depot  
  172  9:01  Marauder  
  170  9:15  Widow Mine  
  170  9:16  Widow Mine, Medivac  
  170  9:17  Medivac  
  165  9:18  Marine  
  165  9:22  Marauder  
  170  9:25  Marine x5  
  170  9:30  Terran Vehicle And Ship Armor Level 1  
  175  9:34  Supply Depot  
  175  9:36  Thor  
  181  9:43  Marine  
  181  9:44  Marauder  
  182  9:46  Widow Mine x2, Medivac  
  182  9:47  Marine  
  189  9:53  Marine x2  
  188  10:05  Marauder  
  190  10:12  Missile Turret x2  
  187  10:15  Terran Infantry Weapons Level 3  
  187  10:17  Marine, Command Center  
  187  10:18  Marine  
  189  10:24  Thor, Widow Mine x2  
  189  10:25  Marine  
  189  10:26  Marine x4, Marauder  
  179  10:40  Marine x3  
  142  10:43  Marine x3  
  142  10:48  Marine, Widow Mine x2  
  136  10:50  Planetary Fortress  
  136  10:52  SCV x2  
  136  10:55  Marine  
  136  10:56  Marauder  
  135  10:57  Marine  
  135  11:01  Terran Infantry Armor Level 3  
  135  11:02  Marine x5, Orbital Command  
  135  11:03  SCV  
  145  11:11  Widow Mine x2  
  145  11:22  Marine x4  
  145  11:23  Marine x5  
  151  11:35  Thor, Widow Mine x2  
  161  11:40  Marine x4  
  161  11:41  Marauder  
  161  11:44  Marine  
  161  11:45  Medivac x2  
  160  11:51  Marine  
  161  11:57  Barracks  
  161  11:58  Barracks  
  161  11:59  Barracks  
  161  12:00  Widow Mine x2  
  161  12:01  Missile Turret x2  
  165  12:06  Refinery  
  165  12:07  Marine x6  
  165  12:08  Marine, Marauder  
  174  12:09  Marine  
  174  12:14  Medivac  
  175  12:17  Medivac  
  173  12:25  Marine x5  
  173  12:26  Widow Mine x2  
  173  12:27  Marine  
  173  12:29  Marauder  
  185  12:31  Marine  
  185  12:32  Marine  
  187  12:42  Thor  
  187  12:43  Marine x5  
  181  12:45  Marine  
  181  12:49  Marine x2, Planetary Fortress  
  184  12:53  Marauder  
  184  12:54  Widow Mine x2  
  184  12:55  SCV x2  
  184  12:56  Missile Turret  
  184  12:58  Missile Turret  
  192  12:59  Missile Turret  
  192  13:00  Marine  
  192  13:01  Marine  
  187  13:07  Missile Turret  
  187  13:08  Missile Turret  
  187  13:09  Marine  
  187  13:10  Marine x2  
  190  13:12  Barracks Tech Lab  
  190  13:14  Marauder  
  192  13:28  Marine  
  192  13:30  Widow Mine x2  
  197  13:34  Marauder  
  197  13:36  Marauder  
  197  13:39  Marine  
  197  13:40  Marine  
  155  13:41  Thor  
  155  13:42  Medivac x2  
  155  13:43  Marine x4  
  158  13:51  Marine x2  
  161  13:56  Widow Mine x2, Marauder  
  161  13:57  Marauder  
  156  14:13  Marine x6  
  156  14:14  Marine  
  156  14:15  Marine x3  
  156  14:17  Marauder  
  156  14:18  SCV x4, Marauder  
  156  14:21  Terran Vehicle Weapons Level 1  
  156  14:24  Widow Mine x2  
  166  14:25  Medivac  
  166  14:26  Medivac  
  166  14:30  SCV  
  166  14:31  Marine x5  
  169  14:34  Marine  
  169  14:35  Marine x4  
  169  14:38  Thor, Marauder  
  179  14:40  Marauder  
  179  14:41  SCV x2  
  179  14:42  SCV  
  190  14:49  Marine x2  
  190  14:51  Marine  
  193  14:59  Marine x5  
  184  15:00  Marauder  
  184  15:01  Marauder  
  184  15:06  Marine  
  190  15:07  Marine, Widow Mine x2  
  190  15:09  Marine  
  190  15:10  Concussive Shells  
  190  15:11  Barracks Tech Lab x2  
  194  15:14  Refinery  
  194  15:16  Command Center x2  
  194  15:17  Marine x2  
  191  15:21  Marauder  
  191  15:25  Marauder  
  184  15:30  Marauder  
  184  15:31  Thor  
  184  15:32  Widow Mine x2  
  184  15:35  Marine, Marauder  
  194  15:42  Marauder  
  194  15:43  Ghost Academy  
  170  15:57  Widow Mine x2  
  170  15:58  Marauder  
  170  16:01  Marine x5, Marauder  
  170  16:02  Marine x2, Marauder  
  179  16:04  Marauder  
  179  16:07  Medivac x2  
  179  16:17  Refinery  
  179  16:19  Terran Ship Weapons Level 1  
  179  16:21  Starport x2  
  179  16:31  Ghost x3  
  179  16:32  Ghost  
  187  16:33  Orbital Command  
  185  16:40  Widow Mine x3  
  185  16:44  Liberator x2, Missile Turret  
  195  16:48  Fusion Core, Missile Turret  
  195  17:01  Missile Turret  
  193  17:11  Ghost x3  
  187  17:20  Ghost  
  187  17:21  Marine x5  
  187  17:22  Marine  
  195  17:23  Personal Cloaking  
  195  17:24  Starport Reactor  
  195  17:25  Starport Reactor  
  195  17:29  Refinery  
  195  17:30  Refinery  
  191  17:39  Ghost  
  191  17:42  Marauder  
  195  17:44  Marauder  
  187  17:54  Marauder  
  187  17:58  Liberator x2  
  175  18:03  Ghost  
  175  18:05  Ghost  
  185  18:06  Widow Mine x2  
  186  18:16  Marauder  
  186  18:19  Marauder  
  166  18:31  Marine  
  166  18:32  Marauder  
  166  18:33  Marine x2, Ghost  
  171  18:34  Liberator x2  
  171  18:38  Planetary Fortress  
  177  18:46  Widow Mine  
  177  18:47  Widow Mine, Marauder  
  177  18:48  Liberator  
  186  18:50  Marine  
  186  18:54  Refinery x2  
  187  19:00  Marine x7, Marauder x2  
  187  19:01  Widow Mine  
  197  19:20  Marauder  
  197  19:22  Marauder  
  197  19:23  Marine  
  197  19:24  Marauder  
  191  19:25  Widow Mine x2  
  191  19:27  Marine  
  191  19:28  Marauder  
  192  19:39  Marine x6  
  192  19:41  Marauder  
  200  20:09  Command Center  
  200  20:10  Command Center  
  200  20:12  Sensor Tower, Command Center  
  182  20:26  Marine, Marauder x2  
  182  20:27  Medivac x3  

Tags
 
Add a new tag
Caveats
  • Supply blocks, unpowered buildings, or Contaminate may cause inaccurate times.
  • Supply counts are checked every 10 seconds.